Map: Prion Terraces

Players

LiquidSnute (Snute) - Winner!

  • Race: Zerg Zerg
  • League: Grandmaster

Lilbow

  • Race: Protoss Protoss
  • League: Grandmaster

Event: 2016 WCS Winter Challenger Europe

VOD

Have the link to the VOD?

Description

Time

  • Played on: Feb. 14, 2016, 10:24 a.m.
  • Length: 10:16

All games in this series

Show
View Real Time Build Order
Export as new Build Order

LiquidSnute Zerg - Winner!

Build Orders: Hatch First 

Get SALT Encoding   

  12  0:00  Drone  
  13  0:12  Overlord  
  13  0:17  Drone  
  14  0:30  Drone x2  
  14  0:34  Drone  
  17  0:52  Hatchery  
  17  0:55  Drone  
  17  0:58  Drone  
  17  1:01  Extractor  
  17  1:06  Drone  
  18  1:16  Spawning Pool  
  17  1:20  Drone  
  18  1:28  Drone  
  19  1:38  Drone  
  20  1:50  Overlord  
  20  2:03  Metabolic Boost, Queen  
  20  2:04  Queen  
  24  2:09  Drone  
  24  2:11  Drone  
  24  2:14  Drone  
  27  2:16  Drone  
  28  2:23  Zergling x2  
  28  2:25  Zergling x2  
  30  2:32  Overlord  
  30  2:36  Zergling x2  
  31  2:41  Queen  
  33  2:48  Overlord  
  33  2:53  Hatchery  
  33  2:55  Zergling x4  
  33  2:57  Zergling x2  
  35  3:04  Drone  
  36  3:08  Drone  
  36  3:11  Drone x3  
  40  3:15  Drone x3  
  40  3:17  Drone  
  44  3:23  Overlord  
  44  3:31  Extractor  
  44  3:32  Lair, Extractor  
  42  3:34  Roach Warren  
  42  3:35  Overlord  
  39  3:50  Drone x2  
  39  3:51  Drone x6  
  39  3:52  Drone  
  48  3:56  Spore Crawler  
  47  4:03  Spore Crawler  
  47  4:05  Drone x3  
  48  4:10  Drone x2  
  48  4:13  Queen  
  52  4:20  Roach  
  52  4:21  Roach  
  52  4:22  Roach  
  58  4:27  Roach x2  
  58  4:31  Glial Reconstitution  
  62  4:32  Roach  
  62  4:36  Roach  
  66  4:39  Overlord  
  66  4:43  Overlord  
  66  4:48  Overlord  
  66  4:57  Overseer  
  66  4:59  Pneumatized Carapace  
  78  5:21  Drone x6  
  70  5:26  Drone  
  70  5:28  Drone x2  
  75  5:29  Drone  
  75  5:31  Extractor  
  75  5:33  Drone  
  75  5:34  Extractor  
  75  5:37  Spore Crawler  
  75  5:39  Ravager x5  
  79  5:44  Hatchery  
  78  5:52  Extractor  
  78  5:53  Ravager x2  
  78  5:58  Drone x3  
  78  5:59  Drone  
  82  6:04  Overlord x5  
  82  6:13  Spine Crawler  
  82  6:17  Overlord  
  81  6:20  Hatchery  
  80  6:26  Roach x6  
  80  6:27  Roach x2  
  96  6:35  Zergling x16  
  104  6:40  Queen  
  104  6:44  Zergling x6  
  109  6:47  Ravager x7  
  109  6:50  Ravager  
  109  6:52  Zergling x8  
  121  6:58  Zergling x6  
  121  7:00  Overlord  
  124  7:06  Roach x2  
  124  7:07  Roach x4  
  136  7:09  Overseer  
  136  7:10  Overseer  
  135  7:15  Overlord  
  135  7:21  Zergling x12  
  141  7:25  Zergling x2  
  141  7:26  Zergling x2  
  143  7:36  Ravager  
  143  7:37  Ravager x5  
  148  7:44  Zergling x20  
  149  7:51  Overlord x2  
  152  8:05  Zergling x2  
  152  8:06  Zergling x12  
  144  8:22  Zergling x2  
  144  8:23  Zergling x30  
  145  8:31  Zergling x2  
  145  8:32  Zergling x10  
  124  8:46  Roach x6  
  124  8:47  Zergling x4  
  125  8:49  Zergling x2  
  125  8:55  Zergling x8  
  122  9:06  Zergling x12  
  122  9:08  Ravager x2  
  122  9:09  Ravager x4  
  132  9:11  Roach  
  123  9:18  Roach x3  
  123  9:28  Roach x5  
  127  9:37  Roach  
  127  9:38  Roach x3  
  115  9:46  Roach x4  
  115  9:50  Ravager  
  115  9:51  Ravager x7  
  128  10:01  Ravager  
Show
View Real Time Build Order
Export as new Build Order

Lilbow Protoss 

Build Orders: 1 Gate Expand, Dark Templar Rush 

Get SALT Encoding   

  12  0:01  Probe (Chrono Boost)  
  13  0:11  Probe (Chrono Boost)  
  14  0:18  Pylon  
  14  0:22  Probe (Chrono Boost)  
  15  0:36  Probe (Chrono Boost)  
  15  0:37  Gateway  
  16  0:44  Assimilator  
  16  0:47  Probe (Chrono Boost)  
  17  0:57  Probe (Chrono Boost)  
  18  1:08  Probe (Chrono Boost)  
  19  1:20  Nexus  
  19  1:29  Cybernetics Core  
  20  1:32  Probe (Chrono Boost)  
  20  1:38  Assimilator  
  20  1:43  Probe (Chrono Boost)  
  21  1:49  Pylon  
  21  1:53  Probe (Chrono Boost)  
  22  2:04  Probe (Chrono Boost)  
  22  2:06  Warp Gate  
  22  2:07  Stalker (Chrono Boost)  
  25  2:16  Probe  
  26  2:25  Twilight Council  
  26  2:28  Probe  
  27  2:30  Probe  
  27  2:33  Adept (Chrono Boost)  
  30  2:40  Probe x2  
  32  2:52  Probe x2 (Chrono Boost)  
  34  3:01  Dark Shrine  
  34  3:03  Probe x2 (Chrono Boost)  
  36  3:12  Assimilator  
  36  3:14  Probe x2 (Chrono Boost)  
  36  3:15  Assimilator  
  36  3:17  Resonating Glaives  
  38  3:21  Pylon  
  38  3:24  Probe x2 (Chrono Boost)  
  40  3:35  Probe (Chrono Boost)  
  40  3:36  Gateway  
  40  3:39  Gateway  
  43  3:41  Mothership Core (Chrono Boost)  
  43  3:43  Adept (Chrono Boost)  
  43  3:44  Pylon  
  43  3:46  Probe (Chrono Boost)  
  44  3:54  Pylon  
  44  3:59  Probe (Chrono Boost)  
  44  4:00  Probe (Chrono Boost)  
  46  4:08  Pylon  
  47  4:10  Probe (Chrono Boost)  
  47  4:11  Probe (Chrono Boost)  
  48  4:18  Gateway  
  48  4:19  Dark Templar  
  48  4:23  Probe x2 (Chrono Boost)  
  52  4:28  Gateway  
  52  4:35  Probe (Chrono Boost)  
  52  4:36  Gateway  
  52  4:37  Adept  
  52  4:38  Adept  
  57  4:42  Probe (Chrono Boost)  
  58  4:52  Probe (Chrono Boost)  
  59  4:54  Nexus  
  59  4:56  Probe (Chrono Boost)  
  59  4:57  Pylon  
  60  5:02  Adept  
  60  5:03  Adept  
  64  5:11  Blink  
  64  5:16  Forge  
  64  5:19  Probe (Chrono Boost), Stalker  
  64  5:21  Probe (Chrono Boost)  
  68  5:24  Pylon, Sentry  
  68  5:25  Stalker, Sentry  
  74  5:29  Gateway  
  74  5:33  Probe (Chrono Boost), Gateway  
  74  5:34  Probe (Chrono Boost)  
  76  5:45  Probe (Chrono Boost)  
  76  5:47  Probe (Chrono Boost)  
  76  5:48  Stalker x3  
  84  5:53  Stalker  
  86  6:00  Stalker  
  86  6:03  Probe (Chrono Boost), Robotics Facility  
  89  6:07  Probe (Chrono Boost)  
  89  6:11  Assimilator  
  90  6:12  Assimilator  
  90  6:20  Stalker x3  
  90  6:23  Stalker  
  98  6:27  Stalker  
  98  6:28  Stalker  
  98  6:32  Pylon  
  102  6:35  Pylon  
  102  6:43  Pylon  
  102  6:47  Stalker x2  
  102  6:48  Stalker  
  102  6:51  Stalker x2  
  102  6:52  Stalker  
  102  6:53  Stalker  
  116  7:07  Robotics Bay  
  116  7:12  Observer  
  117  7:25  Nexus  
  117  7:32  Robotics Facility  
  113  7:39  Photon Cannon  
  113  7:40  Photon Cannon  
  113  7:48  Adept x4  
  113  7:49  Stalker x3  
  127  7:55  Pylon  
  127  7:57  Pylon  
  130  7:58  Pylon  
  128  8:14  Adept x3  
  128  8:15  Adept  
  128  8:19  Disruptor (Chrono Boost)  
  124  8:26  Adept x3  
  98  8:34  Stalker x2  
  98  8:35  Pylon  
  98  8:37  Stalker x2, Pylon  
  91  8:48  Probe x2  
  91  8:49  Adept  
  91  8:50  Probe  
  81  8:59  Probe  
  81  9:02  Probe  
  75  9:03  Adept x4  
  75  9:04  Adept x2  
  78  9:12  Immortal (Chrono Boost)  
  58  9:24  Adept x5  
  58  9:25  Adept x2  
  58  9:27  Probe x3  
  58  9:29  Probe  
  68  9:38  Probe x3  
  56  9:41  Probe  
  56  9:47  Adept x4  
  56  9:48  Probe x2, Adept  
Tags
 
Add a new tag
Caveats
  • Supply blocks, unpowered buildings, or Contaminate may cause inaccurate times.
  • Supply counts are checked every 10 seconds.